Workbook
Name \0: #REF!
Name \0: #REF!
Name \0: #REF!
Name A: #REF!
Name A: #REF!
Name A: #REF!
Name aaaa: #REF!
Name aaaa: #REF!
Name aaaa: #REF!
Name AB: #REF!
Name AB: #REF!
Name AB: #REF!
Name ABER: #REF!
Name ABER: #REF!
Name D: #REF!
Name D: #REF!
Name D: #REF!
Name FDSAFDSF: #REF!
Name FDSAFDSF: #REF!
Name FDSAFDSF: #REF!
Name nommmm: #REF!
Name nommmm: #REF!
Name OUTRO: #REF!
Name OUTRO: #REF!
Name OUTRO: #REF!
Name Print_Area_MI: [3]HIDRAULICA!#REF!
Name Print_Area_MI: [3]HIDRAULICA!#REF!
Name Print_Area_MI: [3]HIDRAULICA!#REF!

Sheet PLANILHA SINTÉTICA
A4: OBJETO: CONTRATAÇÃO DE EMPRESA ESPECIALIZADA EM IMPLANTAÇÃO VIÁRIA DE ROTATÓRIA - INTERSEÇÃO MANGUEIRA - LOCALIZADA NO CRUZAMENTO DA AVENIDA FRIMISA/DOUTOR ANGELO TEIXEIRA DA COSTA COM AVENIDA A E RUA PEDRO JOSÉ DE CARVALHO – BAIRRO FRIMISA, SANTA LUZIA, MINAS GERAIS.
A6: PLANILHA ORÇAMENTÁRIA
A9: NÃO DESONERADO | SINAPI MAR./2022 | SETOP MAR./2022| SUDECAP FEV./2022 | SICRO JAN./2022 | H9: BDI: | I9: 0.2135
A10: ITEM | B10: FONTE | C10: CÓDIGO | D10: DESCRIÇÃO | E10: UNID. | F10: QUANT. | G10: PR. UNIT. S / BDI | H10: PR. UNIT. C / BDI | I10: PR. TOTAL C / BDI
D11: TOTAL GERAL | I11: =SUBTOTAL(9,I12:I127) -> 2734096.2
A12: 1 | D12: SERVIÇOS PRELIMINARES | F12: 0 | I12: =SUBTOTAL(9,I13:I27) -> 86119.02
A13: 1.1 | B13: SETOP | C13: ED-16660 | D13: FORNECIMENTO E COLOCAÇÃO DE PLACA DE OBRA EM CHAPA GALVANIZADA #26, ESP. 0,45 MM, PLOTADA COM ADESIVO VINÍLICO, AFIXADA COM REBITES 4,8X40 MM, EM ESTRUTURA METÁLICA DE METALON 20X20 MM, ESP. 1,25 MM, INCLUSIVE SUPORTE EM EUCALIPTO AUTOCLAVADO PINTADO COM TINTA PVA DUAS (2) DEMÃOS | E13: m2 | F13: 4.5 | G13: 168.31 | H13: =ROUND(G13+G13*$I$9,2) -> 204.24 | I13: =F13*H13 -> 919.08
A14: 1.2 | B14: SETOP | C14: IIO-LIG-005 | D14: LIGAÇÃO DE ÁGUA PROVISÓRIA PARA CANTEIRO, INCLUSIVE HIDRÔMETRO E CAVALETE PARA MEDIÇÃO DE ÁGUA - ENTRADA PRINCIPAL, EM AÇO GALVANIZADO DN 20MM (1/2") - PADRÃO CONCESSIONÁRIA | E14: un | F14: 1 | G14: 296.14 | H14: =ROUND(G14+G14*$I$9,2) -> 359.37 | I14: =F14*H14 -> 359.37
A15: 1.3 | B15: SETOP | C15: IIO-LIG-010 | D15: LIGAÇÃO PROVISÓRIA DE LUZ E FORÇA-PADRÃO PROVISÓRIO 30KVA | E15: U | F15: 1 | G15: 511.95 | H15: =ROUND(G15+G15*$I$9,2) -> 621.25 | I15: =F15*H15 -> 621.25
A16: 1.4 | B16: SUDECAP | C16: 01.02.07 | D16: BARRACAO DE OBRA - VESTIARIO TIPO II | E16: UN | F16: 1 | G16: 9821.33 | H16: =ROUND(G16+G16*$I$9,2) -> 11918.18 | I16: =F16*H16 -> 11918.18
A17: 1.5 | B17: SUDECAP | C17: 01.02.21 | D17: BARRACAO DE OBRA - INSTALAÇAO SANITARIA TIPO II | E17: UN | F17: 1 | G17: 6270.8 | H17: =ROUND(G17+G17*$I$9,2) -> 7609.62 | I17: =F17*H17 -> 7609.62
A18: 1.6 | B18: SUDECAP | C18: 01.01.11 | D18: ESCRITORIO DE OBRA - ESCRITORIO DE EMPREITEIRA TIPO I | E18: UN | F18: 1 | G18: 6267.24 | H18: =ROUND(G18+G18*$I$9,2) -> 7605.3 | I18: =F18*H18 -> 7605.3
A19: 1.7 | B19: SUDECAP | C19: 01.02.13 | D19: BARRACAO DE OBRA - DEPOSITO E FERRAMENTARIA TIPO II | E19: UN | F19: 1 | G19: 5265.84 | H19: =ROUND(G19+G19*$I$9,2) -> 6390.1 | I19: =F19*H19 -> 6390.1
A20: 1.8 | B20: SUDECAP | C20: 01.02.25 | D20: BARRACAO DE OBRA - REFEITORIO TIPO I | E20: UN | F20: 1 | G20: 3904.46 | H20: =ROUND(G20+G20*$I$9,2) -> 4738.06 | I20: =F20*H20 -> 4738.06
A21: 1.9 | B21: SUDECAP | C21: 01.04.02 | D21: TAPUME PADRAO SUDECAP (TIPO I, II E III) - COMPENSADO 10MM FIXAÇAO ENTERRADA | E21: M | F21: 50 | G21: 78.83 | H21: =ROUND(G21+G21*$I$9,2) -> 95.66 | I21: =F21*H21 -> 4783
A22: 1.10 | B22: SUDECAP | C22: 01.04.09 | D22: TAPUME PADRAO SUDECAP (TIPO I, II E III) - TELA-TAPUME DE POLIPROPILENO H= 1,20 M, INCL. BASE | E22: M | F22: 500 | G22: 6.3 | H22: =ROUND(G22+G22*$I$9,2) -> 7.65 | I22: =F22*H22 -> 3825
A23: 1.11 | B23: SUDECAP | C23: 01.11.06 | D23: SINALIZAÇAO - CONE MASTER 75CM BASE DE BORRACHA CORPO POLIETILEN | E23: UN | F23: 100 | G23: 63.14 | H23: =ROUND(G23+G23*$I$9,2) -> 76.62 | I23: =F23*H23 -> 7662
A24: 1.12 | B24: SUDECAP | C24: 01.11.04 | D24: SINALIZAÇAO - PLACA 0,50X0,50M CH.GALV.22 CAVALETE METALON 20X20 | E24: UNMES | F24: 120 | G24: 8.25 | H24: =ROUND(G24+G24*$I$9,2) -> 10.01 | I24: =F24*H24 -> 1201.2
... A27: 1.15 | B27: SUDECAP | C27: 43.01.03 | D27: TOPOGRAFIA - EQUIPE DE TOPOGRAFIA - OBRA | E27: MES | F27: 1 | G27: 19437.63 | H27: =ROUND(G27+G27*$I$9,2) -> 23587.56 | I27: =F27*H27 -> 23587.56
A28: 2 | D28: ADMINISTRAÇÃO LOCAL | H28: =ROUND(G28+G28*$I$9,2) -> 0 | I28: =SUBTOTAL(9,I29) -> 229890.86
A29: 2.1 | B29: COMPOSIÇÃO | C29: CP-ADM | D29: ADMINISTRAÇÃO LOCAL | E29: UN | F29: 1 | G29: 189444.47 | H29: =ROUND(G29+G29*$I$9,2) -> 229890.86 | I29: =F29*H29 -> 229890.86
A30: 3 | D30: DEMOLIÇÕES E REMOÇÕES | H30: =ROUND(G30+G30*$I$9,2) -> 0 | I30: =SUBTOTAL(9,I31:I37) -> 40456.423
A31: 3.1 | B31: SUDECAP | C31: 02.11.07 | D31: DEMOLIÇAO DE PASSEIO E PAVIMENTO - DE REVESTIMENTO ASFALTICO COM EQUIP. PNEUMATICO | E31: M2 | F31: 2135 | G31: 10.42 | H31: =ROUND(G31+G31*$I$9,2) -> 12.64 | I31: =F31*H31 -> 26986.4
A32: 3.2 | B32: SUDECAP | C32: 02.14.01 | D32: DEMOLIÇAO MANUAL, DE ALVENARIA INCL. AFASTAMENTO - DE ALVENARIA DE TIJOLOS E BLOCOS | E32: M3 | F32: 25 | G32: 79.81 | H32: =ROUND(G32+G32*$I$9,2) -> 96.85 | I32: =F32*H32 -> 2421.25
A33: 3.3 | B33: SUDECAP | C33: 02.15.01 | D33: REMOÇAO DE MEIO-FIO - PREMOLDADO DE CONCRETO | E33: M | F33: 400 | G33: 6.21 | H33: =ROUND(G33+G33*$I$9,2) -> 7.54 | I33: =F33*H33 -> 3016
A34: 3.4 | B34: SUDECAP | C34: 03.12.03 | D34: CARGA DE MATERIAL DE QQUER NATUREZA SOBRE CAMINHAO - MECANICA | E34: M3 | F34: 155.75 | G34: 1.87 | H34: =ROUND(G34+G34*$I$9,2) -> 2.27 | I34: =F34*H34 -> 353.5525
A35: 3.5 | B35: SUDECAP | C35: 02.28.04 | D35: TRANSPORTE DE MATERIAL DEMOLIDO EM CAMINHAO - DMT > 5 KM | E35: M3KM | F35: 1868.4 | G35: 1.28 | H35: =ROUND(G35+G35*$I$9,2) -> 1.55 | I35: =F35*H35 -> 2896.02
A36: 3.6 | B36: SUDECAP | C36: 02.31.01 | D36: SUPRESSAO DE ARVORE - SUP. ARVORE PEQ. PORTE (ATE 3M)INCLUS. CORTE LENHA | E36: UN | F36: 20 | G36: 108.18 | H36: =ROUND(G36+G36*$I$9,2) -> 131.28 | I36: =F36*H36 -> 2625.6
A37: 3.7 | B37: SUDECAP | C37: 02.31.02 | D37: SUPRESSAO DE ARVORE - SUPRESSAO ARVORE MEDIO PORTE INCLUS. CORTE LINHA | E37: UN | F37: 10 | G37: 177.8 | H37: =ROUND(G37+G37*$I$9,2) -> 215.76 | I37: =F37*H37 -> 2157.6
A38: 4 | D38: TRABALHOS EM TERRA | H38: =ROUND(G38+G38*$I$9,2) -> 0 | I38: =SUBTOTAL(9,I39:I45) -> 388712.97
A39: 4.1 | B39: SUDECAP | C39: 03.01.02 | D39: DESMATAMENTO, DESTOCAMENTO E LIMPEZA DO TERRENO - DESMATAMENTO,DESTOC.E LIMPEZA,INCL.TRANSP. ATE 50M | E39: M2 | F39: 5320 | G39: 0.54 | H39: =ROUND(G39+G39*$I$9,2) -> 0.66 | I39: =F39*H39 -> 3511.2
A40: 4.2 | B40: SUDECAP | C40: 03.05.01 | D40: ESCAVAÇAO E CARGA MECANIZADA - EM MATERIAL DE 1ª CATEGORIA | E40: M3 | F40: 13020.7 | G40: 4.73 | H40: =ROUND(G40+G40*$I$9,2) -> 5.74 | I40: =F40*H40 -> 74738.818
A41: 4.3 | B41: SUDECAP | C41: 03.12.03 | D41: CARGA DE MATERIAL DE QQUER NATUREZA SOBRE CAMINHAO - MECANICA | E41: M3 | F41: 1064 | G41: 1.87 | H41: =ROUND(G41+G41*$I$9,2) -> 2.27 | I41: =F41*H41 -> 2415.28
A42: 4.4 | B42: SUDECAP | C42: 03.13.01 | D42: TRANSPORTE DE MATERIAL DE QUALQUER NATUREZA - DMT <= 1 KM | E42: M3 | F42: 1465.1 | G42: 2.47 | H42: =ROUND(G42+G42*$I$9,2) -> 3 | I42: =F42*H42 -> 4395.3
A43: 4.5 | B43: SINAPI | C43: 95875 | D43: TRANSPORTE COM CAMINHÃO BASCULANTE DE 10 M³, EM VIA URBANA PAVIMENTADA, DMT ATÉ 30 KM (UNIDADE: M3XKM). AF_07/2020 | E43: M3XKM | F43: 151435.2 | G43: 1.59 | H43: =ROUND(G43+G43*$I$9,2) -> 1.93 | I43: =F43*H43 -> 292269.94
A44: 4.6 | B44: SUDECAP | C44: 03.15.01 | D44: ATERRO COMPACTADO - COM ROLO VIBRATORIO | E44: M3 | F44: 2159 | G44: 3.48 | H44: =ROUND(G44+G44*$I$9,2) -> 4.22 | I44: =F44*H44 -> 9110.98
A45: 4.7 | B45: SETOP | C45: RO-42263 | D45: ESPALHAMENTO DE MATERIAL EM BOTA-FORA | E45: M3 | F45: 9875.9 | G45: 0.19 | H45: =ROUND(G45+G45*$I$9,2) -> 0.23 | I45: =F45*H45 -> 2271.457
A46: 5 | D46: DRENAGEM | H46: =ROUND(G46+G46*$I$9,2) -> 0 | I46: =SUBTOTAL(9,I47:I68) -> 399709.73
A47: 5.1 | B47: SUDECAP | C47: 19.30.05 | D47: SARJETA - PADRAO SUDECAP - TIPO B - (50X10)CM - DES-R01 | E47: M | F47: 449.73 | G47: 20.39 | H47: =ROUND(G47+G47*$I$9,2) -> 24.74 | I47: =F47*H47 -> 11126.32
A48: 5.2 | B48: SICRO3 | C48: 2003309 | D48: VALETA DE PROTEÇÃO DE CORTES COM REVESTIMENTO DE CONCRETO - VPC 04 - AREIA E BRITA COMERCIAIS | E48: M | F48: 198.5 | G48: 63.62 | H48: =ROUND(G48+G48*$I$9,2) -> 77.2 | I48: =F48*H48 -> 15324.2
A49: 5.3 | B49: SICRO3 | C49: 2003403 | D49: DESCIDA D'ÁGUA DE CORTES EM DEGRAUS - DCD 04 - AREIA E BRITA COMERCIAIS | E49: M | F49: 2.5 | G49: 488.38 | H49: =ROUND(G49+G49*$I$9,2) -> 592.65 | I49: =F49*H49 -> 1481.625
A50: 5.4 | B50: SICRO3 | C50: 2003477 | D50: CAIXA COLETORA DE SARJETA - CCS 01 - COM GRELHA DE CONCRETO - TCC 01 - AREIA E BRITA COMERCIAIS | E50: UN | F50: 1 | G50: 2511.83 | H50: =ROUND(G50+G50*$I$9,2) -> 3048.11 | I50: =F50*H50 -> 3048.11
A51: 5.5 | B51: SUDECAP | C51: 19.18.03 | D51: POÇO DE VISITA TIPO A - PADRAO SUDECAP - D= 600 MM | E51: UN | F51: 7 | G51: 1657.4 | H51: =ROUND(G51+G51*$I$9,2) -> 2011.25 | I51: =F51*H51 -> 14078.75
A52: 5.6 | B52: SUDECAP | C52: 19.21.02 | D52: CHAMINE DE POÇO DE VISITA - PADRAO SUDECAP - TIPO B-ANEL CONCRETO CA-1, C/ DEGRAUS EM AÇO CA 25 | E52: M | F52: 11.12 | G52: 351.26 | H52: =ROUND(G52+G52*$I$9,2) -> 426.25 | I52: =F52*H52 -> 4739.9
A53: 5.7 | B53: SUDECAP | C53: 19.22.02 | D53: TAMPAO DE POÇO DE VISITA - FERRO FUNDIDO NODULAR | E53: UN | F53: 7 | G53: 709.14 | H53: =ROUND(G53+G53*$I$9,2) -> 860.54 | I53: =F53*H53 -> 6023.78
A54: 5.8 | B54: SUDECAP | C54: 19.11.01 | D54: CAIXA PARA BOCA LOBO - SIMPLES | E54: UN | F54: 1 | G54: 964.01 | H54: =ROUND(G54+G54*$I$9,2) -> 1169.83 | I54: =F54*H54 -> 1169.83
A55: 5.9 | B55: SUDECAP | C55: 19.11.02 | D55: CAIXA PARA BOCA LOBO - DUPLA | E55: UN | F55: 8 | G55: 1748.84 | H55: =ROUND(G55+G55*$I$9,2) -> 2122.22 | I55: =F55*H55 -> 16977.76
A56: 5.10 | B56: SUDECAP | C56: 19.14.02 | D56: CANTONEIRA PARA BOCA DE LOBO - TIPO B (CONCRETO) - PADRAO SUDECAP | E56: UN | F56: 17 | G56: 86.39 | H56: =ROUND(G56+G56*$I$9,2) -> 104.83 | I56: =F56*H56 -> 1782.11
A57: 5.11 | B57: SUDECAP | C57: 19.13.02 | D57: CONJUNTO QUADRO E GRELHA PARA BOCA DE LOBO - TIPO B (CONCRETO) - PADRAO SUDECAP | E57: UN | F57: 17 | G57: 255.53 | H57: =ROUND(G57+G57*$I$9,2) -> 310.09 | I57: =F57*H57 -> 5271.53
A58: 5.12 | B58: SUDECAP | C58: 19.12.01 | D58: ALTEAMENTO DE CAIXA PARA BOCA DE LOBO - SIMPLES | E58: M | F58: 2.5 | G58: 879.55 | H58: =ROUND(G58+G58*$I$9,2) -> 1067.33 | I58: =F58*H58 -> 2668.325
A59: 5.13 | B59: SUDECAP | C59: 03.18.02 | D59: ESCAVAÇAO MECANICA DE VALAS COM DESCARGA LATERAL - 1.5 M < H <= 3.0 M | E59: M3 | F59: 1397.53 | G59: 4.24 | H59: =ROUND(G59+G59*$I$9,2) -> 5.15 | I59: =F59*H59 -> 7197.2795
A60: 5.14 | B60: SUDECAP | C60: 19.32.02 | D60: ESCORAMENTO DESCONTINUO DE VALAS - PADRAO SUDECAP - TIPO B - MADEIRA ROLIÇA D= 11 A 15 CM | E60: M2 | F60: 1796.78 | G60: 27.97 | H60: =ROUND(G60+G60*$I$9,2) -> 33.94 | I60: =F60*H60 -> 60982.713
A61: 5.15 | B61: SUDECAP | C61: 19.33.01 | D61: ESCORAMENTO CONTINUO DE VALAS - PADRAO SUDECAP - TIPO A - MADEIRA ROLIÇA D= 11 A 15 CM | E61: M2 | F61: 898.39 | G61: 80.04 | H61: =ROUND(G61+G61*$I$9,2) -> 97.13 | I61: =F61*H61 -> 87260.621
A62: 5.16 | B62: SETOP | C62: RO-40239 | D62: APILOAMENTO DE FUNDO DE VALAS | E62: M2 | F62: 386.12 | G62: 3.03 | H62: =ROUND(G62+G62*$I$9,2) -> 3.68 | I62: =F62*H62 -> 1420.9216
... A68: 5.22 | B68: SUDECAP | C68: 03.22.02 | D68: REATERRO DE VALA - COMPACTADO COM EQUIP. PLACA VIBRATORIA OU EQUIVALENTE | E68: M3 | F68: 1026.06 | G68: 16.3 | H68: =ROUND(G68+G68*$I$9,2) -> 19.78 | I68: =F68*H68 -> 20295.467
A69: 6 | D69: MURO CONTENÇÃO - RAMO D | I69: =SUBTOTAL(9,I70:I79) -> 34574.517
A70: 6.1 | B70: SUDECAP | C70: 06.09.25 | D70: CONCRETO USINADO BOMBEADO LANÇADO EM ESTRUTURA - FCK >= 25 MPA, BRITA CALCÁRIA, USINADO BOMBEÁVEL, LANÇADO EM ESTRUTURA | E70: M3 | F70: 16.65 | G70: 395.57 | H70: =ROUND(G70+G70*$I$9,2) -> 480.02 | I70: =F70*H70 -> 7992.333
A71: 6.2 | B71: SUDECAP | C71: 40.20.25 | D71: FORMA E ESCORAMENTO - FORMA DE COMPENSADO RESINADO E=20MM TIPO E (5 APR) | E71: M2 | F71: 16.94 | G71: 61.35 | H71: =ROUND(G71+G71*$I$9,2) -> 74.45 | I71: =F71*H71 -> 1261.183
A72: 6.3 | B72: SETOP | C72: AUX-CON-010 | D72: CONCRETO MAGRO, TRAÇO 1:3:6, PREPARADO EM OBRA COM BETONEIRA, SEM FUNÇÃO ESTRUTURAL | E72: m3 | F72: 0.1 | G72: 269.63 | H72: =ROUND(G72+G72*$I$9,2) -> 327.2 | I72: =F72*H72 -> 32.72
A73: 6.4 | B73: SINAPI | C73: 102725 | D73: DRENO BARBACÃ, DN 75 MM, COM MATERIAL DRENANTE. AF_07/2021 | E73: UN | F73: 11 | G73: 21.44 | H73: =ROUND(G73+G73*$I$9,2) -> 26.02 | I73: =F73*H73 -> 286.22
A74: 6.5 | B74: SINAPI | C74: 102704 | D74: TUBO DE PEAD CORRUGADO PERFURADO, DN 100 MM, PARA DRENO - FORNECIMENTO E ASSENTAMENTO. AF_07/2021 | E74: M | F74: 38.85 | G74: 9.64 | H74: =ROUND(G74+G74*$I$9,2) -> 11.7 | I74: =F74*H74 -> 454.545
A75: 6.6 | B75: SINAPI | C75: 92791 | D75: CORTE E DOBRA DE AÇO CA-60, DIÂMETRO DE 5,0 MM, UTILIZADO EM ESTRUTURAS DIVERSAS, EXCETO LAJES. AF_12/2015 | E75: KG | F75: 366 | G75: 10.8 | H75: =ROUND(G75+G75*$I$9,2) -> 13.11 | I75: =F75*H75 -> 4798.26
A76: 6.7 | B76: SINAPI | C76: 92792 | D76: CORTE E DOBRA DE AÇO CA-50, DIÂMETRO DE 6,3 MM, UTILIZADO EM ESTRUTURAS DIVERSAS, EXCETO LAJES. AF_12/2015 | E76: KG | F76: 469 | G76: 10.83 | H76: =ROUND(G76+G76*$I$9,2) -> 13.14 | I76: =F76*H76 -> 6162.66
A77: 6.8 | B77: SINAPI | C77: 92793 | D77: CORTE E DOBRA DE AÇO CA-50, DIÂMETRO DE 8,0 MM, UTILIZADO EM ESTRUTURAS DIVERSAS, EXCETO LAJES. AF_12/2015 | E77: KG | F77: 838 | G77: 10.71 | H77: =ROUND(G77+G77*$I$9,2) -> 13 | I77: =F77*H77 -> 10894
A78: 6.9 | B78: SUDECAP | C78: 05.09.02 | D78: FORNECIMENTO E LANÇAMENTO DE MATERIAL DRENANTE - BRITA | E78: M3 | F78: 16.36 | G78: 121.74 | H78: =ROUND(G78+G78*$I$9,2) -> 147.73 | I78: =F78*H78 -> 2416.8628
A79: 6.10 | B79: SETOP | C79: RO-40980 | D79: MANTA GEOTÊXTIL NÃO TECIDA, A/180, OP/20 OU SIMILAR, RESISTÊNCIA À TRAÇÃO DE 12 KN/M2 (INCLUINDO FORNECIMENTO, TRANSPORTE E COLOCAÇÃO) | E79: M2 | F79: 81.82 | G79: 2.78 | H79: =ROUND(G79+G79*$I$9,2) -> 3.37 | I79: =F79*H79 -> 275.7334
A80: 7 | D80: MURO CONTENÇÃO - RAMO E | H80: =ROUND(G80+G80*$I$9,2) -> 0 | I80: =SUBTOTAL(9,I81:I93) -> 89363.497
A81: 7.1 | B81: SUDECAP | C81: 06.09.25 | D81: CONCRETO USINADO BOMBEADO LANÇADO EM ESTRUTURA - FCK >= 25 MPA, BRITA CALCÁRIA, USINADO BOMBEÁVEL, LANÇADO EM ESTRUTURA | E81: M3 | F81: 20.25 | G81: 395.57 | H81: =ROUND(G81+G81*$I$9,2) -> 480.02 | I81: =F81*H81 -> 9720.405
A82: 7.2 | B82: SUDECAP | C82: 40.20.25 | D82: FORMA E ESCORAMENTO - FORMA DE COMPENSADO RESINADO E=20MM TIPO E (5 APR) | E82: M2 | F82: 22.33 | G82: 61.35 | H82: =ROUND(G82+G82*$I$9,2) -> 74.45 | I82: =F82*H82 -> 1662.4685
A83: 7.3 | B83: SETOP | C83: AUX-CON-010 | D83: CONCRETO MAGRO, TRAÇO 1:3:6, PREPARADO EM OBRA COM BETONEIRA, SEM FUNÇÃO ESTRUTURAL | E83: m3 | F83: 0.05 | G83: 269.63 | H83: =ROUND(G83+G83*$I$9,2) -> 327.2 | I83: =F83*H83 -> 16.36
A84: 7.4 | B84: SINAPI | C84: 102725 | D84: DRENO BARBACÃ, DN 75 MM, COM MATERIAL DRENANTE. AF_07/2021 | E84: UN | F84: 25 | G84: 21.44 | H84: =ROUND(G84+G84*$I$9,2) -> 26.02 | I84: =F84*H84 -> 650.5
A85: 7.5 | B85: SINAPI | C85: 102704 | D85: TUBO DE PEAD CORRUGADO PERFURADO, DN 100 MM, PARA DRENO - FORNECIMENTO E ASSENTAMENTO. AF_07/2021 | E85: M | F85: 50.75 | G85: 9.64 | H85: =ROUND(G85+G85*$I$9,2) -> 11.7 | I85: =F85*H85 -> 593.775
A86: 7.6 | B86: SINAPI | C86: 92791 | D86: CORTE E DOBRA DE AÇO CA-60, DIÂMETRO DE 5,0 MM, UTILIZADO EM ESTRUTURAS DIVERSAS, EXCETO LAJES. AF_12/2015 | E86: KG | F86: 350 | G86: 10.8 | H86: =ROUND(G86+G86*$I$9,2) -> 13.11 | I86: =F86*H86 -> 4588.5
A87: 7.7 | B87: SINAPI | C87: 92792 | D87: CORTE E DOBRA DE AÇO CA-50, DIÂMETRO DE 6,3 MM, UTILIZADO EM ESTRUTURAS DIVERSAS, EXCETO LAJES. AF_12/2015 | E87: KG | F87: 932 | G87: 10.83 | H87: =ROUND(G87+G87*$I$9,2) -> 13.14 | I87: =F87*H87 -> 12246.48
A88: 7.8 | B88: SINAPI | C88: 92793 | D88: CORTE E DOBRA DE AÇO CA-50, DIÂMETRO DE 8,0 MM, UTILIZADO EM ESTRUTURAS DIVERSAS, EXCETO LAJES. AF_12/2015 | E88: KG | F88: 1274 | G88: 10.71 | H88: =ROUND(G88+G88*$I$9,2) -> 13 | I88: =F88*H88 -> 16562
A89: 7.9 | B89: SINAPI | C89: 92794 | D89: CORTE E DOBRA DE AÇO CA-50, DIÂMETRO DE 10,0 MM, UTILIZADO EM ESTRUTURAS DIVERSAS, EXCETO LAJES. AF_12/2015 | E89: KG | F89: 839 | G89: 9.87 | H89: =ROUND(G89+G89*$I$9,2) -> 11.98 | I89: =F89*H89 -> 10051.22
A90: 7.10 | B90: SINAPI | C90: 92796 | D90: CORTE E DOBRA DE AÇO CA-50, DIÂMETRO DE 16,0 MM, UTILIZADO EM ESTRUTURAS DIVERSAS, EXCETO LAJES. AF_12/2015 | E90: KG | F90: 2134 | G90: 8.34 | H90: =ROUND(G90+G90*$I$9,2) -> 10.12 | I90: =F90*H90 -> 21596.08
A91: 7.11 | B91: SUDECAP | C91: 05.09.02 | D91: FORNECIMENTO E LANÇAMENTO DE MATERIAL DRENANTE - BRITA | E91: M3 | F91: 19.05 | G91: 121.74 | H91: =ROUND(G91+G91*$I$9,2) -> 147.73 | I91: =F91*H91 -> 2814.2565
A92: 7.12 | B92: SETOP | C92: RO-40980 | D92: MANTA GEOTÊXTIL NÃO TECIDA, A/180, OP/20 OU SIMILAR, RESISTÊNCIA À TRAÇÃO DE 12 KN/M2 (INCLUINDO FORNECIMENTO, TRANSPORTE E COLOCAÇÃO) | E92: M2 | F92: 95.25 | G92: 2.78 | H92: =ROUND(G92+G92*$I$9,2) -> 3.37 | I92: =F92*H92 -> 320.9925
A93: 7.13 | B93: SETOP | C93: FUN-TRA-035 | D93: PERFURAÇÃO DE ESTACA BROCA A TRADO MECANIZADO D = 300 MM | E93: m | F93: 306 | G93: 23 | H93: =ROUND(G93+G93*$I$9,2) -> 27.91 | I93: =F93*H93 -> 8540.46
A94: 8 | D94: PAVIMENTAÇÃO | H94: =ROUND(G94+G94*$I$9,2) -> 0 | I94: =SUBTOTAL(9,I95:I103) -> 1174220.3
A95: 8.1 | B95: SINAPI | C95: 100576 | D95: REGULARIZAÇÃO E COMPACTAÇÃO DE SUBLEITO DE SOLO PREDOMINANTEMENTE ARGILOSO. AF_11/2019 | E95: M2 | F95: 6080 | G95: 1.63 | H95: =ROUND(G95+G95*$I$9,2) -> 1.98 | I95: =F95*H95 -> 12038.4
A96: 8.2 | B96: SUDECAP | C96: 20.04.03 | D96: SUB-BASE ESTAB. GRANUL. ENERGIA PROCTOR INTERMED. - COM BRITA BICA CORRIDA (AGREGADO DE PEDREIRA) | E96: M3 | F96: 1166 | G96: 141.6 | H96: =ROUND(G96+G96*$I$9,2) -> 171.83 | I96: =F96*H96 -> 200353.78
A97: 8.3 | B97: SUDECAP | C97: 20.06.03 | D97: BASE ESTAB. GRANUL.COMPACT.ENERG.PROCTOR INTERMED. - COM BRITA BICA CORRIDA (AGREGADO DE PEDREIRA) | E97: M3 | F97: 818 | G97: 145.43 | H97: =ROUND(G97+G97*$I$9,2) -> 176.48 | I97: =F97*H97 -> 144360.64
A98: 8.4 | B98: SUDECAP | C98: 20.10.03 | D98: TRANSPORTE DE MATERIAL DE QUALQUER NATUREZA - DMT > 10KM | E98: TxKM | F98: 59520 | G98: 0.64 | H98: =ROUND(G98+G98*$I$9,2) -> 0.78 | I98: =F98*H98 -> 46425.6
A99: 8.5 | B99: SETOP | C99: OBR-VIA-160 | D99: IMPRIMAÇÃO (EXECUÇÃO E FORNECIMENTO DO MATERIAL BETUMINOSO, EXCLUSIVE TRANSPORTE DO MATERIAL BETUMINOSO) | E99: M2 | F99: 5250 | G99: 3.96 | H99: =ROUND(G99+G99*$I$9,2) -> 4.81 | I99: =F99*H99 -> 25252.5
A100: 8.6 | B100: SINAPI | C100: 96402 | D100: EXECUÇÃO DE PINTURA DE LIGAÇÃO COM EMULSÃO ASFÁLTICA RR-2C. AF_11/2019 | E100: M2 | F100: 9720 | G100: 2.14 | H100: =ROUND(G100+G100*$I$9,2) -> 2.6 | I100: =F100*H100 -> 25272
A101: 8.7 | B101: SINAPI | C101: 95996 | D101: EXECUÇÃO DE PAVIMENTO COM APLICAÇÃO DE CONCRETO ASFÁLTICO, CAMADA DE BINDER - EXCLUSIVE CARGA E TRANSPORTE. AF_11/2019 | E101: M3 | F101: 242.92 | G101: 1092.23 | H101: =ROUND(G101+G101*$I$9,2) -> 1325.42 | I101: =F101*H101 -> 321971.03
A102: 8.8 | B102: SINAPI | C102: 95995 | D102: EXECUÇÃO DE PAVIMENTO COM APLICAÇÃO DE CONCRETO ASFÁLTICO, CAMADA DE ROLAMENTO - EXCLUSIVE CARGA E TRANSPORTE. AF_11/2019 | E102: M3 | F102: 242.92 | G102: 1259.44 | H102: =ROUND(G102+G102*$I$9,2) -> 1528.33 | I102: =F102*H102 -> 371261.92
A103: 8.9 | B103: SUDECAP | C103: 20.10.03 | D103: TRANSPORTE DE MATERIAL DE QUALQUER NATUREZA - DMT > 10KM | E103: TxKM | F103: 34980 | G103: 0.64 | H103: =ROUND(G103+G103*$I$9,2) -> 0.78 | I103: =F103*H103 -> 27284.4
A104: 9 | D104: SINALIZAÇÃO HORIZONTAL | H104: =ROUND(G104+G104*$I$9,2) -> 0 | I104: =SUBTOTAL(9,I105:I111) -> 30699.072
A105: 9.1 | B105: SINAPI | C105: 102512 | D105: PINTURA DE EIXO VIÁRIO SOBRE ASFALTO COM TINTA RETRORREFLETIVA A BASE DE RESINA ACRÍLICA COM MICROESFERAS DE VIDRO, APLICAÇÃO MECÂNICA COM DEMARCADORA AUTOPROPELIDA. AF_05/2021 | E105: M | F105: 1351 | G105: 3.26 | H105: =ROUND(G105+G105*$I$9,2) -> 3.96 | I105: =F105*H105 -> 5349.96
A106: 9.2 | B106: SINAPI | C106: 102509 | D106: PINTURA DE FAIXA DE PEDESTRE OU ZEBRADA TINTA RETRORREFLETIVA A BASE DE RESINA ACRÍLICA COM MICROESFERAS DE VIDRO, E = 30 CM, APLICAÇÃO MANUAL. AF_05/2021 | E106: M2 | F106: 37.94 | G106: 18.97 | H106: =ROUND(G106+G106*$I$9,2) -> 23.02 | I106: =F106*H106 -> 873.3788
A107: 9.3 | B107: SICRO3 | C107: 5214010 | D107: PINTURA DE FAIXA COM PLÁSTICO A FRIO BICOMPONENTE À BASE DE RESINAS METACRÍLICAS POR EXTRUSÃO (PLANO) - ESPESSURA DE 3,0 MM | E107: M2 | F107: 66.01 | G107: 200.93 | H107: =ROUND(G107+G107*$I$9,2) -> 243.83 | I107: =F107*H107 -> 16095.218
A108: 9.4 | B108: SICRO3 | C108: 5213408 | D108: PINTURA DE FAIXA COM TERMOPLÁSTICO POR ASPERSÃO - ESPESSURA DE 1,5 MM | E108: M2 | F108: 26.62 | G108: 31.36 | H108: =ROUND(G108+G108*$I$9,2) -> 38.06 | I108: =F108*H108 -> 1013.1572
A109: 9.5 | B109: SICRO3 | C109: 5213358 | D109: LAMINADO ELASTOPLÁSTICO PARA SINALIZAÇÃO HORIZONTAL - ESPESSURA DE 1,5 MM - FORNECIMENTO E IMPLANTAÇÃO | E109: M2 | F109: 22.26 | G109: 193.9 | H109: =ROUND(G109+G109*$I$9,2) -> 235.3 | I109: =F109*H109 -> 5237.778
A110: 9.6 | B110: SETOP | C110: OBR-VIA-230 | D110: TACHÃO REFLETIVO TIPO SHTRG, COM CATADIÓPTRICO NAS DUAS FACES (EXECUÇÃO, INCLUINDO FORNECIMENTO, COLOCAÇÃO E TRANSPORTE DE TODOS OS MATERIAIS) | E110: U | F110: 20 | G110: 46.58 | H110: =ROUND(G110+G110*$I$9,2) -> 56.52 | I110: =F110*H110 -> 1130.4
A111: 9.7 | B111: SETOP | C111: OBR-VIA-225 | D111: TACHÃO REFLETIVO TIPO SHTRG, COM CATADIÓPTRICO EM APENAS UMA FACE (EXECUÇÃO, INCLUINDO FORNECIMENTO, COLOCAÇÃO E TRANSPORTE DE TODOS OS MATERIAIS) | E111: U | F111: 18 | G111: 45.74 | H111: =ROUND(G111+G111*$I$9,2) -> 55.51 | I111: =F111*H111 -> 999.18
A112: 10 | D112: SINALIZAÇÃO VERTICAL | H112: =ROUND(G112+G112*$I$9,2) -> 0 | I112: =SUBTOTAL(9,I113:I117) -> 8475.1532
A113: 10.1 | B113: SETOP | C113: RO-41844 | D113: PLACA DE AÇO CARBONO COM PELÍCULA REFLETIVA GRAU TÉCNICO TIPO I DA ABNT - PLACA QUADRADA (EXECUÇÃO, INCLUINDO FORNECIMENTO E TRANSPORTE DE TODOS OS MATERIAIS, INCLUSIVE POSTE DE SUSTENTAÇÃO) | E113: M2 | F113: 1.5 | G113: 353.38 | H113: =ROUND(G113+G113*$I$9,2) -> 428.83 | I113: =F113*H113 -> 643.245
...

Sheet CRONOGRAMA
A4: ='[2]PLANILHA - MAPA DESCONTO'!A4 -> OBJETO: CONTRATAÇÃO DE EMPRESA ESPECIALIZADA EM IMPLANTAÇÃO VIÁRIA DE ROTATÓRIA - INTERSEÇÃO MANGUEIRA - LOCALIZADA NO CRUZAMENTO DA AVENIDA FRIMISA/DOUTOR ANGELO TEIXEIRA DA COSTA COM AVENIDA A E RUA PEDRO JOSÉ DE CARVALHO – BAIRRO FRIMISA, SANTA LUZIA, MINAS GERAIS.
A6: CRONOGRAMA FÍSICO-FINANCEIRO
A8: CÓDIGO | B8: DISCRIMINAÇÃO | C8: VALOR | D8: MÊS
D9: 1 | E9: 2 | F9: 3 | G9: 4 | H9: 5 | I9: 6
A11: 1 | B11: =VLOOKUP(A11,'[2]PLANILHA - MAPA DESCONTO'!$A$11:$I$126,4,FALSE) -> SERVIÇOS PRELIMINARES | C11: ='PLANILHA SINTÉTICA'!I12 -> 86119.02 | D11: 0.7 | E11: 0.06 | F11: 0.06 | G11: 0.06 | H11: 0.06 | I11: 0.06
D12: =D11*$C$11 -> 60283.314 | E12: =E11*$C$11 -> 5167.1412 | F12: =F11*$C$11 -> 5167.1412 | G12: =G11*$C$11 -> 5167.1412 | H12: =H11*$C$11 -> 5167.1412 | I12: =I11*$C$11 -> 5167.1412
A13: 2 | B13: =VLOOKUP(A13,'[2]PLANILHA - MAPA DESCONTO'!$A$11:$I$126,4,FALSE) -> ADMINISTRAÇÃO LOCAL | C13: ='PLANILHA SINTÉTICA'!I28 -> 229890.86 | D13: 0.067713841 | E13: 0.11226158 | F13: 0.17789798 | G13: 0.25690952 | H13: 0.29096797 | I13: 0.094249107
D14: =D13*$C$13 -> 15566.793 | E14: =E13*$C$13 -> 25807.911 | F14: =F13*$C$13 -> 40897.119 | G14: =G13*$C$13 -> 59061.152 | H14: =H13*$C$13 -> 66890.877 | I14: =I13*$C$13 -> 21667.008
A15: 3 | B15: =VLOOKUP(A15,'[2]PLANILHA - MAPA DESCONTO'!$A$11:$I$126,4,FALSE) -> DEMOLIÇÕES E REMOÇÕES | C15: ='PLANILHA SINTÉTICA'!I30 -> 40456.423 | D15: 0.8 | E15: 0.2
D16: =$C$15*D15 -> 32365.138 | E16: =$C$15*E15 -> 8091.2845
A17: 4 | B17: =VLOOKUP(A17,'[2]PLANILHA - MAPA DESCONTO'!$A$11:$I$126,4,FALSE) -> TRABALHOS EM TERRA | C17: ='PLANILHA SINTÉTICA'!I38 -> 388712.97 | D17: 0.2 | E17: 0.3 | F17: 0.3 | G17: 0.2
D18: =D17*$C$17 -> 77742.594 | E18: =E17*$C$17 -> 116613.89 | F18: =F17*$C$17 -> 116613.89 | G18: =G17*$C$17 -> 77742.594
A19: 5 | B19: =VLOOKUP(A19,'[2]PLANILHA - MAPA DESCONTO'!$A$11:$I$126,4,FALSE) -> DRENAGEM | C19: ='PLANILHA SINTÉTICA'!I46 -> 399709.73 | E19: 0.4 | F19: 0.2 | G19: 0.2 | I19: 0.2
E20: =E19*$C$19 -> 159883.89 | F20: =F19*$C$19 -> 79941.946 | G20: =G19*$C$19 -> 79941.946 | I20: =I19*$C$19 -> 79941.946
A21: 6 | B21: =VLOOKUP(A21,'[2]PLANILHA - MAPA DESCONTO'!$A$11:$I$126,4,FALSE) -> MURO CONTENÇÃO - RAMO D | C21: ='PLANILHA SINTÉTICA'!I69 -> 34574.517 | G21: 1
G22: =G21*C21 -> 34574.517
A23: 7 | B23: =VLOOKUP(A23,'[2]PLANILHA - MAPA DESCONTO'!$A$11:$I$126,4,FALSE) -> MURO CONTENÇÃO - RAMO E | C23: ='PLANILHA SINTÉTICA'!I80 -> 89363.497 | G23: 0.5 | H23: 0.5
G24: =G23*$C$23 -> 44681.749 | H24: =H23*$C$23 -> 44681.749
A25: 8 | B25: =VLOOKUP(A25,'[2]PLANILHA - MAPA DESCONTO'!$A$11:$I$126,4,FALSE) -> PAVIMENTAÇÃO | C25: ='PLANILHA SINTÉTICA'!I94 -> 1174220.3 | F25: 0.2 | G25: 0.3 | H25: 0.5
F26: =F25*$C$25 -> 234844.05 | G26: =G25*$C$25 -> 352266.08 | H26: =H25*$C$25 -> 587110.14
A27: 9 | B27: =VLOOKUP(A27,'[2]PLANILHA - MAPA DESCONTO'!$A$11:$I$126,4,FALSE) -> SINALIZAÇÃO HORIZONTAL | C27: ='PLANILHA SINTÉTICA'!I104 -> 30699.072 | I27: 1
I28: =I27*$C$27 -> 30699.072
A29: 10 | B29: =VLOOKUP(A29,'[2]PLANILHA - MAPA DESCONTO'!$A$11:$I$126,4,FALSE) -> SINALIZAÇÃO VERTICAL | C29: ='PLANILHA SINTÉTICA'!I112 -> 8475.1532 | I29: 1
I30: =I29*$C$29 -> 8475.1532
A31: 11 | B31: =VLOOKUP(A31,'[2]PLANILHA - MAPA DESCONTO'!$A$11:$I$126,4,FALSE) -> URBANIZAÇÃO E OBRAS COMPLEMENTARES | C31: ='PLANILHA SINTÉTICA'!I118 -> 251874.67 | G31: 0.2 | H31: 0.3 | I31: 0.5
G32: =G31*$C$31 -> 50374.934 | H32: =H31*$C$31 -> 75562.401 | I32: =I31*$C$31 -> 125937.33
A34: % SIMPLES | D34: =D35/$I$37 -> 0.068014374 | E34: =E35/$I$37 -> 0.11541808 | F34: =F35/$I$37 -> 0.17463327 | G34: =G35/$I$37 -> 0.25741966 | H34: =H35/$I$37 -> 0.28507128 | I34: =I35/$I$37 -> 0.09944334
A35: R$ SIMPLES | D35: =SUM(D12,D14,D16,D18,D20,D22,D24,D26,D28,D30,D32) -> 185957.84 | E35: =SUM(E12,E14,E16,E18,E20,E22,E24,E26,E28,E30,E32) -> 315564.12 | F35: =SUM(F12,F14,F16,F18,F20,F22,F24,F26,F28,F30,F32) -> 477464.15 | G35: =SUM(G12,G14,G16,G18,G20,G22,G24,G26,G28,G30,G32) -> 703810.11 | H35: =SUM(H12,H14,H16,H18,H20,H22,H24,H26,H28,H30,H32) -> 779412.3 | I35: =SUM(I12,I14,I16,I18,I20,I22,I24,I26,I28,I30,I32) -> 271887.66
A36: % ACUMULADO | D36: =D34 -> 0.068014374 | E36: =D36+E34 -> 0.18343245 | F36: =E36+F34 -> 0.35806572 | G36: =F36+G34 -> 0.61548538 | H36: =G36+H34 -> 0.90055666 | I36: =H36+I34 -> 1
A37: R$ ACUMULADO | D37: =D35 -> 185957.84 | E37: =D37+E35 -> 501521.96 | F37: =E37+F35 -> 978986.11 | G37: =F37+G35 -> 1682796.2 | H37: =G37+H35 -> 2462208.5 | I37: =H37+I35 -> 2734096.2

Sheet CPUs
A1: Composições Analíticas com Preço Unitário
A2: Composições Principais
A3: Item | B3: Código | C3: Banco | D3: Descrição | E3: Und | F3: Quant. | G3: Valor Unit | H3: Total
A4: 1.1 | B4: Código | C4: Banco | D4: Descrição | E4: Und | F4: Quant. | G4: Valor Unit | H4: Total
A5: Composição | B5: ED-16660 | C5: SETOP | D5: FORNECIMENTO E COLOCAÇÃO DE PLACA DE OBRA EM CHAPA GALVANIZADA #26, ESP. 0,45 MM, PLOTADA COM ADESIVO VINÍLICO, AFIXADA COM REBITES 4,8X40 MM, EM ESTRUTURA METÁLICA DE METALON 20X20 MM, ESP. 1,25 MM, INCLUSIVE SUPORTE EM EUCALIPTO AUTOCLAVADO PINTADO COM TINTA PVA DUAS (2) DEMÃOS | E5: m²
A6: Insumo | B6: ED-16671 | C6: SETOP | D6: FIXAÇÃO DE PLACA DE OBRA EM SUPORTE DE EUCALIPTO AUTOCLAVADO , INCLUSIVE PINTURA LÁTEX (PVA) EM SUPERFÍCIE DE MADEIRA, EM DUAS (2) DEMÃOS E ESCAVAÇÃO (MONTAGEM) | E6: m² | F6: 1 | G6: 32.17 | H6: =ROUND(F6*G6,2) -> 32.17
A7: Insumo | B7: ED-16670 | C7: SETOP | D7: PLACA DE OBRA EM CHAPA GALVANIZADA ENRIJECIDA , PLOTADA COM ADESIVO VINÍLICO, FIXADA COM REBITES 4,8X40MM, EM ESTRUTURA METÁLICA DE METALON 20X20MM, ESP. 1 ,25MM, EXCLUSIVE SUPORTE EM EUCALIPTO - PADRÃO GOVERNO DE MINAS GERAIS ( FABRICAÇÃO) | E7: m² | F7: 1 | G7: 136.14 | H7: =ROUND(F7*G7,2) -> 136.14
G8: VALOR TOTAL | H8: =SUM(H6:H7) -> 168.31
A10: 1.2 | B10: Código | C10: Banco | D10: Descrição | E10: Und | F10: Quant. | G10: Valor Unit | H10: Total
A11: Composição | B11: IIO-LIG-005 | C11: SETOP | D11: LIGAÇÃO DE ÁGUA PROVISÓRIA PARA CANTEIRO, INCLUSIVE HIDRÔMETRO E CAVALETE PARA MEDIÇÃO DE ÁGUA - ENTRADA PRINCIPAL, EM AÇO GALVANIZADO DN 20MM (1/2") - PADRÃO CONCESSIONÁRIA | E11: un
A12: Composição Auxiliar | B12: MAO-AJD-020 | C12: SETOP | D12: AJUDANTE DE BOMBEIRO/ENCANADOR COM ENCARGOS COMPLEMENTARES | E12: hora | F12: 0.18580909 | G12: 19.59 | H12: =ROUND(F12*G12,2) -> 3.64
A13: Composição Auxiliar | B13: MAO-OFC-040 | C13: SETOP | D13: BOMBEIRO/ENCANADOR COM ENCARGOS COMPLEMENTARES | E13: hora | F13: 0.05 | G13: 24.57 | H13: =ROUND(F13*G13,2) -> 1.23
A14: Composição Auxiliar | B14: ED-15206 | C14: SETOP | D14: KIT CAVALETE PARA MEDIÇÃO DE ÁGUA, INSTALADO SOBRE PISO, EM AÇO GALVANIZADO DN 20MM (1/2") - PADRÃO CONCESSIONÁRIA LOCAL, INCLUSIVE BASE EM CONCRETO DE 25 MPA PARA CAVALETE, EXCLUSIVE HIDRÔMETRO | E14: un | F14: 1 | G14: 230.23 | H14: =ROUND(F14*G14,2) -> 230.23
A15: Insumo | B15: MATED- 15224 | C15: SETOP | D15: HIDRÔMETRO (APLICAÇÃO: MEDIDOR DE VAZÃO DE ÁGUA|DIÂMETRO: 20MM (1/ 2")|VAZÃO NOMINAL: 1,5(M3 /H)|VAZÃO MÁXIMA: 3,0(M3/ H)|COMPRIMENTO APROXIMADO: 115MM| PADRÃO: CONCESSIONÁRIA LOCAL) | E15: un | F15: 1 | G15: 61.04 | H15: =ROUND(F15*G15,2) -> 61.04
G16: VALOR TOTAL | H16: =SUM(H12:H15) -> 296.14
A18: 1.3 | B18: Código | C18: Banco | D18: Descrição | E18: Und | F18: Quant. | G18: Valor Unit | H18: Total
A19: Composição | B19: IIO-LIG-010 | C19: SETOP | D19: LIGAÇÃO PROVISÓRIA DE LUZ E FORÇA-PADRÃO PROVISÓRIO 30KVA | E19: U
A20: Composição Auxiliar | B20: MAO-AJD-015 | C20: SETOP | D20: AJUDANTE DE ELETRICISTA COM ENCARGOS COMPLEMENTARES | E20: hora | F20: 0.23043053 | G20: 20.44 | H20: =ROUND(F20*G20,2) -> 4.71
A21: Composição Auxiliar | B21: MAO-OFC-035 | C21: SETOP | D21: ELETRICISTA COM ENCARGOS COMPLEMENTARES | E21: hora | F21: 0.2 | G21: 25.49 | H21: =ROUND(F21*G21,2) -> 5.1
A22: Insumo | B22: MATED- 11242 | C22: SETOP | D22: PADRAO DE ENTRADA PROVISÓRIO 30KVA TRIFÁSICO POSTE H=7M, 70A | E22: un | F22: 1 | G22: 502.14 | H22: =ROUND(F22*G22,2) -> 502.14
G23: VALOR TOTAL | H23: =SUM(H20:H22) -> 511.95
A25: 1.4 | B25: Código | C25: Banco | D25: Descrição | E25: Und | F25: Quant. | G25: Valor Unit | H25: Total
A26: Composição | B26: 01.02.07 | C26: SUDECAP | D26: BARRACAO DE OBRA - VESTIARIO TIPO II | E26: UN
A27: Composição Auxiliar | B27: 40.08.07 | C27: SUDECAP | D27: CONCRETO 1:3:6, B1-B2 CALCARIA - PREPARO | E27: m³ | F27: 4.444 | G27: 334.09 | H27: =ROUND(F27*G27,2) -> 1484.7
A28: Composição Auxiliar | B28: 40.24.15 | C28: SUDECAP | D28: ARGAMASSA DE CIMENTO E AREIA 1:3 | E28: m³ | F28: 1.02105 | G28: 449.07 | H28: =ROUND(F28*G28,2) -> 458.52
A29: Composição Auxiliar | B29: 40.60.53 | C29: SUDECAP | D29: INSTALAÇAO ELETRICA - VESTIARIO TIPO II | E29: UN | F29: 1 | G29: 470.49 | H29: =ROUND(F29*G29,2) -> 470.49
A30: Composição Auxiliar | B30: 47.02.03 | C30: SUDECAP | D30: PORTA EM COMPENSADO RESINADO 10MM 80X210CM | E30: UN | F30: 0.5 | G30: 147.46 | H30: =ROUND(F30*G30,2) -> 73.73
A31: Insumo | B31: 55.10.50 | C31: SUDECAP | D31: CARPINTEIRO | E31: H | F31: 47 | G31: 22.11 | H31: =ROUND(F31*G31,2) -> 1039.17
A32: Insumo | B32: 55.10.75 | C32: SUDECAP | D32: PEDREIRO | E32: H | F32: 17 | G32: 22.11 | H32: =ROUND(F32*G32,2) -> 375.87
A33: Insumo | B33: 55.10.81 | C33: SUDECAP | D33: PINTOR | E33: H | F33: 11 | G33: 22.11 | H33: =ROUND(F33*G33,2) -> 243.21
A34: Insumo | B34: 55.10.88 | C34: SUDECAP | D34: SERVENTE | E34: H | F34: 57.29942 | G34: 15.53 | H34: =ROUND(F34*G34,2) -> 889.86
A35: Insumo | B35: 60.30.10 | C35: SUDECAP | D35: TELA ARAME GALV. Nº 22 MALHA 1"(PINTEIRO) | E35: m² | F35: 6.188 | G35: 10.56 | H35: =ROUND(F35*G35,2) -> 65.35
A36: Insumo | B36: 62.01.05 | C36: SUDECAP | D36: CIMENTO PORTLAND COMUM ( CPIII-40 ) SC 50KG | E36: KG | F36: 136.14 | G36: 0.52 | H36: =ROUND(F36*G36,2) -> 70.79
A37: Insumo | B37: 65.70.15 | C37: SUDECAP | D37: FECHADURA CROMADA, COMPLETA, COM MAÇANETA E ROSETA EM AÇO INOX, CILINDRO EM LATÃO, DIMENSÕES DA MÁQUINA 55MM - 135X83X22MM (AXLXP) REF. 357 E172 MZ340 OU EQUIVALENTE | E37: UN | F37: 0.13 | G37: 145 | H37: =ROUND(F37*G37,2) -> 18.85
A38: Insumo | B38: 65.78.09 | C38: SUDECAP | D38: DOBRADIÇA CONVENCIONAL EM METAL CROMADO 3 1/2" X 2 1/4", SEM ANEL, COM PARAFUSOS, LINHA LEVE (NBR 7178) E=1,5MM, OU EQUIVALENTE | E38: UN | F38: 0.6 | G38: 8.95 | H38: =ROUND(F38*G38,2) -> 5.37
... A46: Insumo | B46: 83.25.47 | C46: SUDECAP | D46: ARMARIO PARA ROUPAS COM 4 PORTAS 200X72X40CM | E46: UN | F46: 1.1 | G46: 997.9 | H46: =ROUND(F46*G46,2) -> 1097.69
G47: VALOR TOTAL | H47: =SUM(H27:H46) -> 9821.33
A49: 1.5 | B49: Código | C49: Banco | D49: Descrição | E49: Und | F49: Quant. | G49: Valor Unit | H49: Total
A50: Composição | B50: 01.02.21 | C50: SUDECAP | D50: BARRACAO DE OBRA - INSTALAÇAO SANITARIA TIPO II | E50: UN
A51: Composição Auxiliar | B51: 40.08.07 | C51: SUDECAP | D51: CONCRETO 1:3:6, B1-B2 CALCARIA - PREPARO | E51: m³ | F51: 1.642 | G51: 334.09 | H51: =ROUND(F51*G51,2) -> 548.58
A52: Composição Auxiliar | B52: 40.24.15 | C52: SUDECAP | D52: ARGAMASSA DE CIMENTO E AREIA 1:3 | E52: m³ | F52: 0.32865 | G52: 449.07 | H52: =ROUND(F52*G52,2) -> 147.59
A53: Composição Auxiliar | B53: 40.60.59 | C53: SUDECAP | D53: INSTALAÇAO ELETRICA - SANITARIO TIPO II | E53: UN | F53: 1 | G53: 397.87 | H53: =ROUND(F53*G53,2) -> 397.87
A54: Composição Auxiliar | B54: 40.60.72 | C54: SUDECAP | D54: INSTALAÇAO HIDROSANITARIA TIPO II | E54: UN | F54: 1 | G54: 1703.17 | H54: =ROUND(F54*G54,2) -> 1703.17
A55: Composição Auxiliar | B55: 47.02.03 | C55: SUDECAP | D55: PORTA EM COMPENSADO RESINADO 10MM 80X210CM | E55: UN | F55: 0.5 | G55: 147.46 | H55: =ROUND(F55*G55,2) -> 73.73
A56: Insumo | B56: 55.10.50 | C56: SUDECAP | D56: CARPINTEIRO | E56: H | F56: 30 | G56: 22.11 | H56: =ROUND(F56*G56,2) -> 663.3
A57: Insumo | B57: 55.10.75 | C57: SUDECAP | D57: PEDREIRO | E57: H | F57: 5 | G57: 22.11 | H57: =ROUND(F57*G57,2) -> 110.55
A58: Insumo | B58: 55.10.81 | C58: SUDECAP | D58: PINTOR | E58: H | F58: 19 | G58: 22.11 | H58: =ROUND(F58*G58,2) -> 420.09
A59: Insumo | B59: 55.10.88 | C59: SUDECAP | D59: SERVENTE | E59: H | F59: 12.00322 | G59: 15.53 | H59: =ROUND(F59*G59,2) -> 186.41
A60: Insumo | B60: 60.30.10 | C60: SUDECAP | D60: TELA ARAME GALV. Nº 22 MALHA 1"(PINTEIRO) | E60: m² | F60: 2.5 | G60: 10.56 | H60: =ROUND(F60*G60,2) -> 26.4
A61: Insumo | B61: 62.01.05 | C61: SUDECAP | D61: CIMENTO PORTLAND COMUM ( CPIII-40 ) SC 50KG | E61: KG | F61: 43.82 | G61: 0.52 | H61: =ROUND(F61*G61,2) -> 22.79
A62: Insumo | B62: 65.70.15 | C62: SUDECAP | D62: FECHADURA CROMADA, COMPLETA, COM MAÇANETA E ROSETA EM AÇO INOX, CILINDRO EM LATÃO, DIMENSÕES DA MÁQUINA 55MM - 135X83X22MM (AXLXP) REF. 357 E172 MZ340 OU EQUIVALENTE | E62: UN | F62: 0.13 | G62: 145 | H62: =ROUND(F62*G62,2) -> 18.85
... A69: Insumo | B69: 77.05.51 | C69: SUDECAP | D69: PREGO DE ACO POLIDO COM CABECA 18 X 30 (2 3/4 X 10) | E69: KG | F69: 2.06 | G69: 13.62 | H69: =ROUND(F69*G69,2) -> 28.06
G70: VALOR TOTAL | H70: =SUM(H51:H69) -> 6270.8
A72: 1.6 | B72: Código | C72: Banco | D72: Descrição | E72: Und | F72: Quant. | G72: Valor Unit | H72: Total
A73: Composição | B73: 01.01.11 | C73: SUDECAP | D73: ESCRITORIO DE OBRA - ESCRITORIO DE EMPREITEIRA TIPO I | E73: UN
A74: Composição Auxiliar | B74: 40.08.07 | C74: SUDECAP | D74: CONCRETO 1:3:6, B1-B2 CALCARIA - PREPARO | E74: m³ | F74: 1.404 | G74: 334.09 | H74: =ROUND(F74*G74,2) -> 469.06
A75: Composição Auxiliar | B75: 40.24.15 | C75: SUDECAP | D75: ARGAMASSA DE CIMENTO E AREIA 1:3 | E75: m³ | F75: 0.2739 | G75: 449.07 | H75: =ROUND(F75*G75,2) -> 123
A76: Composição Auxiliar | B76: 47.03.01 | C76: SUDECAP | D76: MAPOTECA P/ PROJETO 1,40X1,10X1,40M E PEÇA 8X8 CM | E76: UN | F76: 0.25 | G76: 117.22 | H76: =ROUND(F76*G76,2) -> 29.31
A77: Composição Auxiliar | B77: 40.60.70 | C77: SUDECAP | D77: INSTALAÇAO HIDRAULICA - ESCRITORIO TIPO I E II | E77: UN | F77: 1 | G77: 717.55 | H77: =ROUND(F77*G77,2) -> 717.55
A78: Composição Auxiliar | B78: 47.02.03 | C78: SUDECAP | D78: PORTA EM COMPENSADO RESINADO 10MM 80X210CM | E78: UN | F78: 0.5 | G78: 147.46 | H78: =ROUND(F78*G78,2) -> 73.73
A79: Composição Auxiliar | B79: 40.60.50 | C79: SUDECAP | D79: INSTALAÇAO ELETRICA - ESCRITORIO TIPO I | E79: UN | F79: 1 | G79: 560.11 | H79: =ROUND(F79*G79,2) -> 560.11
A80: Insumo | B80: 55.10.50 | C80: SUDECAP | D80: CARPINTEIRO | E80: H | F80: 40 | G80: 22.11 | H80: =ROUND(F80*G80,2) -> 884.4
A81: Insumo | B81: 55.10.75 | C81: SUDECAP | D81: PEDREIRO | E81: H | F81: 1 | G81: 22.11 | H81: =ROUND(F81*G81,2) -> 22.11
A82: Insumo | B82: 55.10.81 | C82: SUDECAP | D82: PINTOR | E82: H | F82: 15 | G82: 22.11 | H82: =ROUND(F82*G82,2) -> 331.65
A83: Insumo | B83: 55.10.88 | C83: SUDECAP | D83: SERVENTE | E83: H | F83: 12.669672 | G83: 15.53 | H83: =ROUND(F83*G83,2) -> 196.76
A84: Insumo | B84: 60.30.10 | C84: SUDECAP | D84: TELA ARAME GALV. Nº 22 MALHA 1"(PINTEIRO) | E84: m² | F84: 0.844 | G84: 10.56 | H84: =ROUND(F84*G84,2) -> 8.91
A85: Insumo | B85: 62.01.05 | C85: SUDECAP | D85: CIMENTO PORTLAND COMUM ( CPIII-40 ) SC 50KG | E85: KG | F85: 36.52 | G85: 0.52 | H85: =ROUND(F85*G85,2) -> 18.99
... A104: Insumo | B104: 83.25.45 | C104: SUDECAP | D104: ARMARIO DE AÇO COM 2 PORTAS 170X72X40CM | E104: UN | F104: 0.1 | G104: 650 | H104: =ROUND(F104*G104,2) -> 65
G105: VALOR TOTAL | H105: =SUM(H74:H104) -> 6267.24
A107: 1.7 | B107: Código | C107: Banco | D107: Descrição | E107: Und | F107: Quant. | G107: Valor Unit | H107: Total
A108: Composição | B108: 01.02.13 | C108: SUDECAP | D108: BARRACAO DE OBRA - DEPOSITO E FERRAMENTARIA TIPO II | E108: UN
A109: Composição Auxiliar | B109: 40.08.07 | C109: SUDECAP | D109: CONCRETO 1:3:6, B1-B2 CALCARIA - PREPARO | E109: m³ | F109: 1.879 | G109: 334.09 | H109: =ROUND(F109*G109,2) -> 627.76
A110: Composição Auxiliar | B110: 40.24.15 | C110: SUDECAP | D110: ARGAMASSA DE CIMENTO E AREIA 1:3 | E110: m³ | F110: 0.3834 | G110: 449.07 | H110: =ROUND(F110*G110,2) -> 172.17
A111: Composição Auxiliar | B111: 40.60.56 | C111: SUDECAP | D111: INSTALAÇAO ELETRICA - DEPOSITO TIPO II | E111: UN | F111: 1 | G111: 242.29 | H111: =ROUND(F111*G111,2) -> 242.29
A112: Composição Auxiliar | B112: 47.02.03 | C112: SUDECAP | D112: PORTA EM COMPENSADO RESINADO 10MM 80X210CM | E112: UN | F112: 0.5 | G112: 147.46 | H112: =ROUND(F112*G112,2) -> 73.73
A113: Insumo | B113: 55.10.75 | C113: SUDECAP | D113: PEDREIRO | E113: H | F113: 6.892 | G113: 22.11 | H113: =ROUND(F113*G113,2) -> 152.38
A114: Insumo | B114: 55.10.50 | C114: SUDECAP | D114: CARPINTEIRO | E114: H | F114: 30.35 | G114: 22.11 | H114: =ROUND(F114*G114,2) -> 671.04
A115: Insumo | B115: 55.10.81 | C115: SUDECAP | D115: PINTOR | E115: H | F115: 11.42 | G115: 22.11 | H115: =ROUND(F115*G115,2) -> 252.5
A116: Insumo | B116: 71.04.05 | C116: SUDECAP | D116: RIPA DE MADEIRA APARELHADA *1,5 X 5* CM, MACARANDUBA, ANGELIM OU EQUIVALENTE DA REGIAO | E116: M | F116: 31 | G116: 5 | H116: =ROUND(F116*G116,2) -> 155
A117: Insumo | B117: 65.78.09 | C117: SUDECAP | D117: DOBRADIÇA CONVENCIONAL EM METAL CROMADO 3 1/2" X 2 1/4", SEM ANEL, COM PARAFUSOS, LINHA LEVE (NBR 7178) E=1,5MM, OU EQUIVALENTE | E117: UN | F117: 1.4 | G117: 8.95 | H117: =ROUND(F117*G117,2) -> 12.53
A118: Insumo | B118: 67.02.09 | C118: SUDECAP | D118: TELHA DE FIBROCIMENTO ONDULADA E = 4 MM, DE 1,22 X 0,50 M (SEM AMIANTO) | E118: m² | F118: 14.4936 | G118: 19.66 | H118: =ROUND(F118*G118,2) -> 284.94
A119: Insumo | B119: 71.14.06 | C119: SUDECAP | D119: CHAPA DE MADEIRA COMPENSADA RESINADA PARA FORMA DE CONCRETO, DE *2,2 X 1,1* M, E = 10 MM | E119: m² | F119: 30.25 | G119: 31.4 | H119: =ROUND(F119*G119,2) -> 949.85
A120: Insumo | B120: 65.70.15 | C120: SUDECAP | D120: FECHADURA CROMADA, COMPLETA, COM MAÇANETA E ROSETA EM AÇO INOX, CILINDRO EM LATÃO, DIMENSÕES DA MÁQUINA 55MM - 135X83X22MM (AXLXP) REF. 357 E172 MZ340 OU EQUIVALENTE | E120: UN | F120: 0.13 | G120: 145 | H120: =ROUND(F120*G120,2) -> 18.85
... A129: Insumo | B129: 83.25.05 | C129: SUDECAP | D129: MESA ESCRIT.2 GAV.(SIMPLES) PES DE METALON | E129: UN | F129: 0.1 | G129: 306 | H129: =ROUND(F129*G129,2) -> 30.6
G130: VALOR TOTAL | H130: =SUM(H109:H129) -> 5265.84
A132: 1.8 | B132: Código | C132: Banco | D132: Descrição | E132: Und | F132: Quant. | G132: Valor Unit | H132: Total
A133: Composição | B133: 01.02.25 | C133: SUDECAP | D133: BARRACAO DE OBRA - REFEITORIO TIPO I | E133: UN
A134: Composição Auxiliar | B134: 40.08.07 | C134: SUDECAP | D134: CONCRETO 1:3:6, B1-B2 CALCARIA - PREPARO | E134: m³ | F134: 1.404 | G134: 334.09 | H134: =ROUND(F134*G134,2) -> 469.06
A135: Composição Auxiliar | B135: 40.24.15 | C135: SUDECAP | D135: ARGAMASSA DE CIMENTO E AREIA 1:3 | E135: m³ | F135: 0.2739 | G135: 449.07 | H135: =ROUND(F135*G135,2) -> 123
A136: Composição Auxiliar | B136: 40.60.61 | C136: SUDECAP | D136: INSTALAÇAO ELETRICA - REFEITORIO TIPO I | E136: UN | F136: 1 | G136: 236.39 | H136: =ROUND(F136*G136,2) -> 236.39
A137: Composição Auxiliar | B137: 40.60.74 | C137: SUDECAP | D137: INSTALAÇAO HIDROSANITARIA - REFEITORIO I E II | E137: UN | F137: 1 | G137: 323.71 | H137: =ROUND(F137*G137,2) -> 323.71
A138: Composição Auxiliar | B138: 47.02.03 | C138: SUDECAP | D138: PORTA EM COMPENSADO RESINADO 10MM 80X210CM | E138: UN | F138: 0.5 | G138: 147.46 | H138: =ROUND(F138*G138,2) -> 73.73
A139: Insumo | B139: 55.10.05 | C139: SUDECAP | D139: AJUDANTE | E139: H | F139: 2.168 | G139: 15.53 | H139: =ROUND(F139*G139,2) -> 33.67
A140: Insumo | B140: 55.10.50 | C140: SUDECAP | D140: CARPINTEIRO | E140: H | F140: 17.1 | G140: 22.11 | H140: =ROUND(F140*G140,2) -> 378.08
A141: Insumo | B141: 55.10.75 | C141: SUDECAP | D141: PEDREIRO | E141: H | F141: 5.78 | G141: 22.11 | H141: =ROUND(F141*G141,2) -> 127.8
A142: Insumo | B142: 55.10.81 | C142: SUDECAP | D142: PINTOR | E142: H | F142: 19.096 | G142: 22.11 | H142: =ROUND(F142*G142,2) -> 422.21
A143: Insumo | B143: 55.10.88 | C143: SUDECAP | D143: SERVENTE | E143: H | F143: 6.2569221 | G143: 15.53 | H143: =ROUND(F143*G143,2) -> 97.17
A144: Insumo | B144: 60.30.24 | C144: SUDECAP | D144: TELA ARAME GALV. Nº 16 MALHA 2" | E144: m² | F144: 5.67 | G144: 20 | H144: =ROUND(F144*G144,2) -> 113.4
A145: Insumo | B145: 62.01.05 | C145: SUDECAP | D145: CIMENTO PORTLAND COMUM ( CPIII-40 ) SC 50KG | E145: KG | F145: 36.52 | G145: 0.52 | H145: =ROUND(F145*G145,2) -> 18.99
... A157: Insumo | B157: 83.25.50 | C157: SUDECAP | D157: AQUECEDOR PAR 25 MARMITAS 60X90CM - ELETRICO | E157: UN | F157: 0.1 | G157: 913.62 | H157: =ROUND(F157*G157,2) -> 91.36
...

Sheet BDI
A4: ='[2]PLANILHA - MAPA DESCONTO'!A4 -> OBJETO: CONTRATAÇÃO DE EMPRESA ESPECIALIZADA EM IMPLANTAÇÃO VIÁRIA DE ROTATÓRIA - INTERSEÇÃO MANGUEIRA - LOCALIZADA NO CRUZAMENTO DA AVENIDA FRIMISA/DOUTOR ANGELO TEIXEIRA DA COSTA COM AVENIDA A E RUA PEDRO JOSÉ DE CARVALHO – BAIRRO FRIMISA, SANTA LUZIA, MINAS GERAIS.
A6: BDI
I7: ='[2]PLANILHA - MAPA DESCONTO'!E7 -> 0
A9: Parâmetros para cálculo do BDI
A10: Itens Admissíveis | B10: Intervalos admissíveis sem justificativa | H10: Índices adotados
A12: Administração Central (AC) | B12: De | C12: 0.038 | E12: até | F12: 0.0467 | H12: Administração Central (AC) | I12: 0.0401
A13: Seguro e Garantia (S+G) | B13: De | C13: 0.0032 | E13: até | F13: 0.0074 | H13: Seguro e Garantia (S+G) | I13: 0.004
A14: Risco (R) | B14: De | C14: 0.005 | E14: até | F14: 0.0097 | H14: Risco (R) | I14: 0.0056
A15: Despesas financeiras (DF) | B15: De | C15: 0.0102 | E15: até | F15: 0.0121 | H15: Despesas financeiras (DF) | I15: 0.0111
A16: Lucro (L) | B16: De | C16: 0.0664 | E16: até | F16: 0.0869 | H16: Lucro (L) | I16: 0.073
A17: ISS | B17: De | C17: 0.02 | E17: até | F17: 0.05 | H17: Tributos (T) | I17: 0.025
A18: PIS+COFINS | F18: 0.0365 | H18: PIS+COFINS | I18: 0.0365
A19: CPRB | C19: 0 | E19: ou | F19: 0.045 | H19: INSS desoneração (E) | I19: 0
A20: Controle
A21: Administração Central (AC) | B21: OK
A22: Seguro e Garantia (S+G) | B22: OK
A23: Risco (R) | B23: OK
A24: Despesas financeiras (DF) | B24: OK
A25: Lucro (L) | B25: OK
A26: Tributos (T) | B26: OK
A27: INSS desoneração (E) | B27: OK
A28: BDI CALCULADO ----> | B28: BDI = (1+AC+S+R+G)*(1+DF)*(1+L)/(1-(T+E)) | I28: =((1+I12+I13+I14)*(1+I15)*(1+I16))/(1-(I17+I19+I18))-1 -> 0.21345801
